 Dungeon Crawl Stone Soup version 0.29.1-12-g30fa7ad0bf (webtiles) character file.

Game seed: 10370432254100685783

71 FaviusArthum the Conjurer (level 4, -4/24 HPs)
             Began as a Deep Elf Conjurer on Jan 14, 2023.
             Slain by Ijyb
             ... wielding a +0 club
              (6 damage)
             ... on level 3 of the Dungeon.
             The game lasted 00:05:24 (1801 turns).

FaviusArthum the Conjurer (Deep Elf Conjurer)       Turns: 1801, Time: 00:05:24

Health: -4/24      AC:  3    Str:  4    XL:     4   Next: 5%
Magic:  5/11       EV: 12    Int: 31    God:
Gold:   113        SH:  0    Dex: 13    Spells: 2/9 levels left

rFire   . . .      SeeInvis .   l - +0 dagger
rCold   . . .      Faith    .   (no shield)
rNeg    . . .      Spirit   .   a - +0 robe
rPois   .          Reflect  .   (no helmet)
rElec   .          Harm     .   p - +0 cloak
rCorr   .          Rampage  .   (no gloves)
Will    .....                   (no boots)
Stlth   ++........              c - amulet of magic regeneration
HPRegen 0.08/turn               h - +6 ring of intelligence
MPRegen 0.52/turn               (no ring)

@: no status effects
A: no striking features
a: no special abilities


You were on level 3 of the Dungeon.
You visited 1 branch of the dungeon, and saw 3 of its levels.

You collected 113 gold pieces.

Inventory:

Hand Weapons
 l - a +0 dagger (weapon)
 r - a +0 long sword
Missiles
 q - a throwing net
Armour
 a - a +0 robe (worn)
 p - a +0 cloak (worn)
Jewellery
 c - an amulet of magic regeneration (around neck)
 h - a +6 ring of intelligence (left hand)
 j - a ring of protection from fire
Scrolls
 k - a scroll of poison {unknown}
 o - a scroll of immolation {unknown}
 s - a scroll of enchant weapon {unknown}
Potions
 b - a potion of magic
 d - a potion of lignification {unknown}
 e - a potion of curing {unknown}
 f - a potion of cancellation {unknown}
 i - a potion of haste {unknown}
 m - a potion of heal wounds {unknown}
 n - 3 potions of flight {unknown}
 t - a potion of ambrosia {unknown}
 u - a potion of might {unknown}


   Skills:
 + Level 2.5 Dodging
 + Level 2.8 Stealth
 + Level 3.4 Spellcasting
 + Level 5.8 Conjurations


You had 2 spell levels left.
You knew the following spells:

 Your Spells              Type           Power      Damage    Failure   Level
a - Magic Dart            Conj           100%       1d8       1%          1
b - Searing Ray           Conj           82%        2d7       1%          2
c - Fulminant Prism       Conj/Hex       11%        3d9       19%         4

Your spell library contained the following spells:

 Spells                   Type           Power      Damage    Failure   Level
 Sting                    Tmut/Pois      20%        1d4       6%          1
 Poisonous Vapours        Pois/Air       10%        N/A       10%         2
 Dazzling Flash           Conj/Hex       46%        N/A       6%          3
 Iskenderun's Mystic Bla  Conj/Tloc      23%        2d6       19%         4
 Olgreb's Toxic Radiance  Pois           5%         N/A       54%         4


Dungeon Overview and Level Annotations

Branches:
Dungeon (3/15)

Altars:

Annotations:
D:3 Ijyb


Message History

Press: ? - help, Shift-Dir - straight line, f/p - Ijyb
Aim: Ijyb, wielding a +0 club, wearing a +0 ring mail and carrying a wand of flame (15) (moderately wounded, 80% to hit)
The searing ray hits Ijyb but does no damage.
Ijyb is moderately wounded. (Press . to maintain the ray.) Ijyb zaps a wand.
The puff of flame hits you.
Casting: Searing Ray (safe; 1% risk of failure)
Confirm with . or Enter, or press ? or * to list all spells.
Restarting spell: Searing Ray (safe; 1% risk of failure)
Press: ? - help, Shift-Dir - straight line, f/p - Ijyb
Aim: Ijyb, wielding a +0 club, wearing a +0 ring mail and carrying a wand of flame (14) (moderately wounded, 80% to hit)
The searing ray hits Ijyb.
Ijyb is heavily wounded. (Press . to maintain the ray.) Ijyb zaps a wand.
The puff of flame hits you.
* * * LOW HITPOINT WARNING * * *
You hit Ijyb.
Ijyb is severely wounded.
Ijyb hits you with a +0 club.
* * * LOW HITPOINT WARNING * * *
Casting: Searing Ray (safe; 1% risk of failure)
Confirm with . or Enter, or press ? or * to list all spells.
Aiming: Searing Ray (safe; 1% risk of failure)
Press: ? - help, Shift-Dir - straight line, f/p - Ijyb
Aim: Ijyb, wielding a +0 club, wearing a +0 ring mail and carrying a wand of flame (13) (severely wounded, 80% to hit)
The searing ray hits Ijyb.
Ijyb is almost dead. (Press . to maintain the ray.) Ijyb hits you with a +0 club.
* * * LOW HITPOINT WARNING * * *
Casting: Searing Ray (safe; 1% risk of failure)
Confirm with . or Enter, or press ? or * to list all spells.
Aiming: Magic Dart (safe; 1% risk of failure)
Press: ? - help, Shift-Dir - straight line, f/p - Ijyb
Aim: Ijyb, wielding a +0 club, wearing a +0 ring mail and carrying a wand of flame (13) (almost dead, 100% to hit)
The magic dart hits Ijyb.
Ijyb is almost dead.
Ijyb screams, "You nasty!
Big nasty!"
Ijyb hits you with a +0 club.
You die...

#g#...........#.#.......
#.#.#.#.####...#........
#.#.#.#.####..###..<....
#.#.#..........#....[...
##.#.#.....#...#.#...#+##
+..#.#..#..#..##.##..#.##
#.............#...#......
##.#.#....##...###...#.##
#.#.#.g@.....#...#..#..)
#.#.#...####.##.##..#...
#.#...........#[#...#...
#.#...........###...#...
#.#.###.#...#.......'...
#.#.# #.#.###.##.####...
#.# #.......##.# #... ..#
###.######.# #... ..# #..
#.# #...


You could see Ijyb.

Vanquished Creatures
  A gnoll (D:2)
  3 adders (D:2)
  A dart slug (D:2)
  An orc (D:3)
  4 ball pythons
  4 endoplasms
  A giant cockroach (D:1)
  A goblin (D:2)
  2 hobgoblins (D:1)
  3 jackals (D:2)
  4 kobolds
  4 bats
  A frilled lizard (D:1)
  2 rats
32 creatures vanquished.

Notes
Turn   | Place    | Note
-------+----------+-------------------------------------------
     0 | D:1      | FaviusArthum the Deep Elf Conjurer began the quest for the
                  | Orb.
     0 | D:1      | Reached XP level 1. HP: 10/10 MP: 6/6
   137 | D:1      | Found a faded altar of an unknown god.
   337 | D:1      | Reached XP level 2. HP: 15/15 MP: 6/8
   340 | D:1      | Learned a level 2 spell: Searing Ray
   512 | D:1      | Reached skill level 5 in Conjurations
   836 | D:1      | You fall into a shaft and drop 1 floor!
   914 | D:2      | Reached XP level 3. HP: 19/19 MP: 7/9
  1704 | D:3      | Reached XP level 4. HP: 24/24 MP: 9/11
  1709 | D:3      | Learned a level 4 spell: Fulminant Prism
  1785 | D:3      | Noticed Ijyb
  1801 | D:3      | Slain by Ijyb

Illustrated notes

Levels and vault maps discovered:
D:1:      saegor_arrival_simple_e, layout_basic, ebering_ecumenical_altar_ruins
D:2:      layout_rooms, minmay_fountain_box, minmay_pentomino_q4
D:3:      layout_basic, minmay_ruptured, uniq_ijyb

Skill      XL: |  1  2 |
---------------+-------+-----
Conjurations   | 5 |  5.8
Dodging        | |  2.5
Stealth        | |  2.8
Spellcasting   | |  3.4

Action                   |  1- 3 |  4- 6 || total
-------------------------+-------+-------++-------
Melee: Dagger            |     1 |     1 ||     2
 Cast: Magic Dart        |    41 |     5 ||    46
       Searing Ray       |    13 |     6 ||    19
  Use: Scroll            |     2 |       ||     2
Armor: Robe              |     2 |       ||     2
Dodge: Dodged            |     4 |       ||     4
